 Dungeon Crawl Stone Soup version 0.26-b1-32-g5d43845318 (webtiles) character file.

Game seed: 4869306945789884588

2171 Borgoz the Skirmisher (level 9, -5/78 HPs)
             Began as a Ghoul Gladiator on Jan 13, 2021.
             Was a Follower of Dithmenos.
             Slain by Harold
             ... wielding a +0 mace
              (17 damage)
             ... on level 7 of the Dungeon.
             The game lasted 00:05:54 (6890 turns).

Borgoz the Skirmisher (Ghoul Gladiator)             Turns: 6890, Time: 00:05:55

Health: -5/78      AC:  5    Str: 19    XL:     9   Next: 32%
Magic:  8/8        EV: 15    Int:  3    God:    Dithmenos [*.....]
Gold:   382        SH:  5    Dex: 12    Spells: 6/8 levels left

rFire    . . .     SeeInvis .   w - +0 morningstar
rCold    + + .     Faith    .   (no shield)
rNeg     + + +     Spirit   .   x - +1 robe "Wuskot" {rC+}
rPois    ∞         Reflect  +   c - +0 helmet
rElec    .         Harm     .   v - +0 cloak
rCorr    +         Rampage  .   (no gloves)
Will     .....     Rnd*Tele +   (no boots)
Stlth    +.........             a - amulet of reflection
HPRegen  0.00/turn              u - ring of teleportation (curse)
MPRegen  0.11/turn              n - ring of resist corrosion

@: marked, wreathed by umbra
A: claws 1, cold resistance 1, negative energy resistance 3, inhibited
regeneration, torment resistance, unbreathing
a: Renounce Religion


You were on level 7 of the Dungeon.
You worshipped Dithmenos.
Dithmenos was aware of your devotion.
You visited 2 branches of the dungeon, and saw 8 of its levels.

You collected 382 gold pieces.

Inventory:

Hand Weapons
 w - a +0 morningstar (weapon)
Missiles
 d - a throwing net (quivered)
Armour
 c - a +0 helmet (worn)
 v - a +0 cloak (worn)
 x - the +1 robe "Wuskot" (worn) {rC+}
   (You found it on level 4 of the Dungeon)

   It protects you from cold.
Jewellery
 a - an amulet of reflection (around neck)
 g - an uncursed ring of ice
 j - an uncursed ring of stealth
 l - an uncursed amulet of regeneration
 n - a ring of resist corrosion (right claw)
 u - a cursed ring of teleportation (left claw)
Wands
 z - a wand of disintegration (5)
 A - a wand of acid (9)
Scrolls
 b - a scroll of identify
 h - 6 scrolls of teleportation
 k - 2 scrolls of magic mapping {unknown}
 m - 8 scrolls of remove curse
 o - 2 scrolls of amnesia {unknown}
 p - 3 scrolls of enchant weapon {unknown}
 q - a scroll of blinking {unknown}
 r - 3 scrolls of fog {unknown}
 y - a scroll of enchant armour {unknown}
Potions
 f - a potion of magic
 i - 2 potions of berserk rage {unknown}
 s - 2 potions of might {unknown}
 t - 2 potions of resistance {unknown}


   Skills:
 + Level 6.9 Fighting
 + Level 6.1 Maces & Flails
 - Level 1.7 Throwing
 + Level 5.3 Armour
 + Level 6.1 Dodging


You had 6 spell levels left.
You knew the following spells:

 Your Spells              Type           Power        Failure   Level
a - Blink                 Tloc           N/A          67%         2

Your spell library contained the following spells:

 Spells                   Type           Power        Failure   Level
 Magic Dart               Conj           0%           52%         1
 Call Imp                 Summ           0%           67%         2
 Slow                     Hex            0%           67%         2
 Conjure Flame            Conj/Fire      0%           88%         3
 Mephitic Cloud           Conj/Pois/Air  0%           88%         3


Dungeon Overview and Level Annotations

Branches:
Dungeon (7/15)             Temple (1/1) D:4

Altars:
Ashenzari
Cheibriados
Dithmenos
Elyvilon
Fedhas
Gozag
Hepliaklqana
Kikubaaqudgha
Makhleb
Nemelex Xobeh
Okawaru
Qazlal
Ru
Sif Muna
Trog
Xom
Yredelemnul
Zin
The Shining One

Annotations:
D:7 Harold


Innate Abilities, Weirdness & Mutations

You thrive by killing the living.
You are immune to poison.
You have sharp fingernails.
Your flesh is cold resistant. (rC+)
You are immune to negative energy. (rN+++)
You do not regenerate when monsters are visible.
You are immune to unholy pain and torment.
You can survive without breathing.


Message History

The orc wizard flickers and vanishes!
Deactivating autopickup; reactivate with Ctrl-A.
You hit Harold.
Harold is severely wounded.
The wight hits you with a cursed +3 scimitar.
The wight hits you with a +0 great sword!
The orc wizard casts a spell.
The orc wizard blinks!
Harold closely misses you. You block the orc wizard's attack.
You are too injured to fight recklessly!
You are too injured to fight recklessly!
You are too injured to fight recklessly!
You barely miss the orc priest.
The wight hits you with a cursed +3 scimitar!
* * * LOW HITPOINT WARNING * * *
The wight barely misses you.
The orc wizard hits you with a cursed -1 dagger.
* * * LOW HITPOINT WARNING * * *
Harold hits you with a +0 mace!
You die...

.............#....# ...#
.......#######....##...##
....... #...........
#........o.. #.........oo
#.......o... #..z.#
#..oz## #.o@z.# #.@...#
#.....# #######


You could see Harold, 3 wights, an orc priest and an orc wizard.

Vanquished Creatures
  A two-headed ogre (D:6)
  Duvessa (D:7)
  A phantom (D:4)
  4 ogres
  2 centaurs
  2 bullfrogs (D:6)
  Dowan (D:7)
  A scorpion (D:6)
  3 killer bees (D:6)
  A centaur zombie (D:5)
  A jelly (D:6)
  A bullfrog skeleton (D:2)
  A hound (D:6)
  2 orc wizards (D:4)
  5 worker ants
  A hound skeleton (D:4)
  3 gnolls (D:7)
  8 adders
  An ufetubus (D:6)
  An ooze (D:6)
  3 worms
  2 dart slugs
  4 leopard geckos
  10 orcs
  5 giant cockroaches
  7 goblins
  6 hobgoblins
  3 quokkas
  3 ball pythons
  A bat (D:2)
  3 frilled lizards
  9 kobolds
  A quokka zombie (D:5)
  7 rats
105 creatures vanquished.

Vanquished Creatures (others)
  3 plants (D:4)
3 creatures vanquished.

Grand Total: 108 creatures vanquished

Notes
Turn   | Place    | Note
-------+----------+-------------------------------------------
     0 | D:1      | Borgoz the Ghoul Gladiator began the quest for the Orb.
     0 | D:1      | Reached XP level 1. HP: 17/17 MP: 0/0
    79 | D:1      | Reached XP level 2. HP: 17/25 MP: 1/1
   395 | D:1      | Found a sparkling altar of Nemelex Xobeh.
   759 | D:1      | Reached skill level 1 in Armour
   759 | D:1      | Reached XP level 3. HP: 30/30 MP: 2/2
  1332 | D:2      | Reached XP level 4. HP: 22/38 MP: 3/3
  2176 | D:3      | Found a burning altar of Makhleb.
  3098 | D:4      | Reached XP level 5. HP: 34/45 MP: 4/4
  3162 | D:4      | Found a staircase to the Ecumenical Temple.
  3162 | D:4      | Noticed an ogre
  3173 | D:4      | Killed an ogre
  3174 | D:4      | Reached XP level 6. HP: 30/52 MP: 5/5
  3362 | Temple   | Entered the Ecumenical Temple
  3618 | Temple   | Became a worshipper of Dithmenos the Shadowed
  3930 | D:4      | Got a shimmering robe
  3941 | D:4      | Identified the +1 robe "Wuskot" {rC+} (You found it on
                  | level 4 of the Dungeon)
  4040 | D:4      | Noticed a phantom
  4064 | D:4      | Killed a phantom
  4065 | D:4      | Reached XP level 7. HP: 24/60 MP: 6/6
  4230 | D:4      | Learned a level 2 spell: Blink
  4346 | D:5      | Entered Level 5 of the Dungeon
  4940 | D:5      | Found a glowing silver altar of Zin.
  4999 | D:5      | Reached skill level 5 in Fighting
  5147 | D:6      | Found a hazy altar of Hepliaklqana.
  5160 | D:6      | Found a broken altar of Ashenzari.
  5161 | D:6      | Found a basalt altar of Yredelemnul.
  5272 | D:6      | Reached XP level 8. HP: 42/68 MP: 7/7
  5558 | D:6      | Reached * piety under Dithmenos
  5699 | D:6      | Found a sacrificial altar of Ru.
  5840 | D:6      | Reached skill level 5 in Maces & Flails
  5840 | D:6      | Reached skill level 5 in Dodging
  6326 | D:6      | Noticed a two-headed ogre
  6334 | D:6      | Killed a two-headed ogre
  6335 | D:6      | Reached skill level 5 in Armour
  6335 | D:6      | Reached XP level 9. HP: 35/78 MP: 8/8
  6639 | D:7      | Noticed Duvessa
  6639 | D:7      | Noticed Dowan
  6652 | D:7      | Killed Duvessa
  6662 | D:7      | Killed Dowan
  6877 | D:7      | Noticed Harold
  6890 | D:7      | Slain by Harold

Illustrated notes

Levels and vault maps discovered:
D:1:      wander_arrival_fairy_ring, layout_basic, minmay_misc_feat_chi,
          nemelex_diamond_rough_becter
D:2:      layout_basic
D:3:      layout_basic, lemuel_crystal_altar, chequers_serial_rivers_large_a
D:4:      corexii_shack_village, layout_loops_ring,
          minmay_temple_entry_sparse_star
D:5:      layout_cave_pools, zin_statuary, kennysheep_dice
D:6:      layout_loops_ring, nicolae_ru_the_path_less_chosen,
          grunt_temple_overflow_open
D:7:      layout_gridville, serial_shops, shop, uniq_duvessa, uniq_harold
Temple:   oiseaux_autumnal_temple

Skill      XL: |  1  2  3  4  5  6  7  8 |
---------------+-------------------------+-----
Maces & Flails | 3 4 6 |  6.1
Armour         | 1 2 3 5 |  5.3
Dodging        | 3 4 6 |  6.1
Fighting       | 3 4 5 6 |  6.9
Throwing       | |  1.7

Action                   |  1- 3 |  4- 6 |  7- 9 || total
-------------------------+-------+-------+-------++-------
Melee: Flail             |    80 |   158 |       ||   238
       Morningstar       |       |    16 |   216 ||   232
Throw: Throwing net      |       |     2 |     1 ||     3
  Use: Scroll            |       |     4 |     1 ||     5
       Potion            |       |       |     2 ||     2
 Stab: Sleeping          |     4 |     3 |       ||     7
Armor: Leather armour    |    21 |    30 |       ||    51
       Robe              |       |     2 |    52 ||    54
Dodge: Dodged            |    46 |   113 |   206 ||   365
Block: Other             |       |       |    58 ||    58
       Reflection        |       |       |     3 ||     3
